 Dungeon Crawl Stone Soup version 0.23.0 (webtiles) character file.

Game seed: 2903999401063108038

63 lyphon the Shield-Bearer (level 4, -3/40 HPs)
             Began as a Hill Orc Fighter on Feb 11, 2019.
             Slain by a worm (5 damage)
             ... on level 2 of the Dungeon.
             The game lasted 00:05:25 (1518 turns).

lyphon the Shield-Bearer (Hill Orc Fighter)         Turns: 1518, Time: 00:05:26

Health: -3/40      AC:  6    Str: 19    XL:     4   Next: 10%
Magic:  4/4        EV:  7    Int:  8    God:
Gold:   82         SH:  9    Dex: 10    Spells: 3/3 levels left

rFire    . . .     SeeInvis .   a - +0 war axe
rCold    . . .     Gourm    .   c - +0 shield
rNeg     . . .     Faith    .   b - +0 scale mail
rPois    .         Spirit   .   (no helmet)
rElec    .         Reflect  .   (no cloak)
rCorr    .         Harm     .   (no gloves)
MR       .....                  (no boots)
Stlth    ..........             (no amulet)
HPRegen  0.13/turn              (no ring)
MPRegen  0.09/turn              (no ring)

@: no status effects
A: no striking features
a: no special abilities


You were on level 2 of the Dungeon.
You were not hungry.

You visited 1 branch of the dungeon, and saw 2 of its levels.

You collected 82 gold pieces.

Inventory:

Hand Weapons
 a - a +0 war axe (weapon)
 k - a +0 club
Missiles
 j - 22 arrows
Armour
 b - a +0 scale mail (worn)
 c - a +0 shield (worn)
 l - a +0 ring mail
Scrolls
 e - 2 scrolls of enchant armour {unknown}
 g - 2 scrolls of teleportation {unknown}
 m - a scroll of noise {unknown}
 n - a scroll of identify {unknown}
Potions
 d - a potion of might
 h - a potion of degeneration {unknown}
 i - a potion of ambrosia {unknown}
 o - a potion of curing {unknown}
Comestibles
 f - 2 rations


   Skills:
 + Level 3.7 Fighting
 + Level 3.8 Axes
 + Level 3.6 Armour
 + Level 0.7 Dodging
 + Level 0.7 Stealth
 + Level 4.0 Shields


You had 3 spell levels left.
You didn't know any spells.
Your spell library was empty.

Dungeon Overview and Level Annotations

Branches:
Dungeon (2/15)

Altars:


Message History

The worm bites you! You block the giant cockroach's attack.
The hobgoblin closely misses you. You block the giant cockroach's attack.
You block the giant cockroach's attack. You block the hobgoblin's attack.
The worm bites you!
* * * LOW HITPOINT WARNING * * *
You block the giant cockroach's attack. The hobgoblin hits you with a +0 club.
* * * LOW HITPOINT WARNING * * *
The worm completely misses you. You block the giant cockroach's attack.
The hobgoblin barely misses you.
The giant cockroach bites you but does no damage.
You block the worm's attack. You block the giant cockroach's attack.
The hobgoblin hits you but does no damage.
The giant cockroach bites you but does no damage.
The hobgoblin hits you but does no damage.
The giant cockroach bites you but does no damage.
The worm bites you!
* * * LOW HITPOINT WARNING * * *
The hobgoblin hits you but does no damage.
The giant cockroach closely misses you. The worm bites you.
You die...

####..... #.####
####### #.#### #.....#
#....# ###.....##
#..#.#
#....#...####.#...
#.#...............
###'####...##.(##..[
#§§@≈≈≈###.##..##.#.
#≈≈wsg§≈§§##.......#.
#≈≈....§§§≈≈###..####.
#≈....#....≈≈ #.......
+...........≈ #..#####
#≈.........§≈ ##.#
#§§....#?..§. ..#
#§§.......... ##


You could see a worm, a giant cockroach and a hobgoblin.

Vanquished Creatures
  3 adders
  An ooze (D:2)
  3 giant cockroaches
  6 goblins
  7 hobgoblins
  2 kobolds (D:1)
  4 bats
  A frilled lizard (D:1)
  3 rats (D:1)
30 creatures vanquished.

Notes
Turn   | Place    | Note
-------+----------+-------------------------------------------
     0 | D:1      | lyphon the Hill Orc Fighter began the quest for the Orb.
     0 | D:1      | Reached XP level 1. HP: 19/19 MP: 1/1
   540 | D:1      | Reached XP level 2. HP: 27/27 MP: 2/2
  1157 | D:2      | Reached XP level 3. HP: 33/33 MP: 3/3
  1441 | D:2      | Reached XP level 4. HP: 40/40 MP: 4/4
  1444 | D:2      | Reached skill level 4 in Shields
  1517 | D:2      | HP: 2/40 [worm (7)]
  1518 | D:2      | Slain by a worm

Skill      XL: |  1  2  3  4 |
---------------+-------------+-----
Axes           | 3 |  3.8
Shields        | 4 |  4.0
Fighting       | |  3.7
Armour         | |  3.6
Dodging        | |  0.7
Stealth        | |  0.7

Action                   |  1- 3 |  4- 6 || total
-------------------------+-------+-------++-------
Melee: War axe           |   100 |     5 ||   105
  Eat: Chunk             |     2 |       ||     2
Armor: Scale mail        |    72 |    19 ||    91
Dodge: Dodged            |    37 |    24 ||    61
Block: Shield            |    77 |    29 ||   106
